 Dungeon Crawl Stone Soup version 0.20.1-1-g8b1a95d (webtiles) character file.

1893 Irenicus the Martial Artist (level 9, -2/56 HPs)
             Began as an Octopode Chaos Knight on Oct 8, 2017.
             Slain by an ufetubus (3 damage)
             ... summoned by a ynoxinul
             ... on level 1 of the Abyss.
             The game lasted 00:16:45 (6236 turns).

Irenicus the Martial Artist (Octopode Chaos Knight) Turns: 6236, Time: 00:16:47

Health: -2/56      AC:  1    Str: 11    XL:     9   Next: 15%
Magic:  9/9        EV: 14    Int: 14    God:    Xom [*.....]
Gold:   295        SH:  4    Dex: 18    Spells: 8/8 levels left

rFire    . . .     SeeInvis .     - Unarmed
rCold    . . .     Gourm    .   (no shield)
rNeg     . . .     Faith    .   (helmet restricted)
rPois    .         Spirit   .   (no amulet)
rElec    .         Reflect  .   p - +3 ring of dexterity
rCorr    +         Harm     .   w - ring of resist corrosion
MR       .....                  (no ring)
Stlth    +++.......             (no ring)
Regen    0.2/turn               (no ring)
MPRegen  0.2/turn               (no ring)
                                (no ring)
                                (no ring)

@: no status effects
A: almost no armour, stealthy swim, amphibious, 8 rings, constrict 8, large bone
plates 1, camouflage 1, sense surroundings 1, gelatinous body 1
a: Renounce Religion


You were on level 1 of the Abyss.
You worshipped Xom.
You were a special plaything of Xom.
You were hungry.

You visited 1 branch of the dungeon, and saw 6 of its levels.
You visited the Abyss 1 time.

You collected 295 gold pieces.

Inventory:

Jewellery
 p - a +3 ring of dexterity (left tentacle)
 w - a ring of resist corrosion (right tentacle)
Wands
 h - a wand of lightning (6/15)
 u - a wand of acid (10/15)
 v - a wand of disintegration (3/24)
 x - a wand of confusion (28/48)
 y - a wand of confusion (34/48)
Scrolls
 c - 7 scrolls of identify
 d - 5 scrolls of teleportation
 e - 4 scrolls of remove curse
 i - a scroll of blinking {unknown}
 l - 3 scrolls of magic mapping {unknown}
 m - a scroll of enchant armour {unknown}
 n - 2 scrolls of amnesia {unknown}
 o - 2 scrolls of fog {unknown}
 r - 4 scrolls of random uselessness {unknown}
 s - 2 scrolls of fear {unknown}
 A - a scroll of torment {unknown}
Potions
 b - a potion of brilliance
 z - a potion of resistance
Books
 j - a book of Necromancy

   Spells                             Type                      Level
   a - Pain                           Necromancy                   1
   b - Animate Skeleton               Necromancy                   1
   c - Vampiric Draining              Necromancy                   3
   d - Regeneration                   Charms/Necromancy            3
   e - Animate Dead                   Necromancy                   4
   f - Control Undead                 Necromancy                   4
 q - a Necronomicon

   Spells                             Type                      Level
   a - Haunt                          Necromancy/Summoning         7
   b - Borgnjor's Revivification      Necromancy                   8
   c - Death's Door                   Charms/Necromancy            8
   d - Infestation                    Necromancy                   8
   e - Necromutation                  Transmutation/Necromancy     8
Comestibles
 a - 5 bread rations
 f - 8 fruits
 g - 4 meat rations
 t - 4 royal jellies


   Skills:
 - Level 3.0 Fighting
 - Level 2.3 Dodging
 - Level 1.1 Stealth
 + Level 11.6 Unarmed Combat
 - Level 1.2 Evocations


You had 8 spell levels left.
You didn't know any spells.

Dungeon Overview and Level Annotations

Branches:
Dungeon (6/15)             Temple (0/1) D:6

Altars:
Elyvilon
Hepliaklqana
Okawaru
Ru
Uskayaw
Zin
The Shining One

Shops:
D:6 =


Innate Abilities, Weirdness & Mutations

You cannot wear most types of armour.
You are very stealthy in the water. (Stealth+)
You are amphibious.
You can wear up to eight rings at the same time.
You can use your tentacles to constrict eight enemies at once.
Your skin changes colour to match your surroundings (Stealth+).
Your rubbery body absorbs attacks. (AC +1, EV +1)
You are partially covered in large bone plates. (SH +4)
You passively map a small area around you.


Message History

You hear a mighty clap of thunder!
The bolt of lightning hits the ynoxinul.
The ynoxinul resists.
The ynoxinul is severely wounded.
The bolt of lightning misses the ufetubus.
Evoking this partially-identified wand wasted a few charges.
You constrict the ynoxinul.
You hear a bellow!
The ufetubus barely misses you. The ufetubus closely misses you.
You block the ufetubus's attack. The ufetubus barely misses you.
The ufetubus closely misses you. The ufetubus hits you.
* * * LOW HITPOINT WARNING * * *
The ynoxinul gestures at you. The iron shot hits you!
* * * LOW HITPOINT WARNING * * *
The starspawn tentacle loses its grip on you.
You block the ufetubus's attack. The ufetubus closely misses you.
The ufetubus barely misses you. The ufetubus hits you.
You die...
Xom cackles wildly!

#.#. ... ##.#.##.##
## ≈ ........# . .#
.......#.# . ..
......#. #..#.
555... ##
#....5#3##.# ..##
....#5@##.##....#.
#.....55Xw5........
.....#.55w.##... .
#... #...35# ...#
... ##...... ..# #.
#....#.. .# .
.......#..L ..
##.......... .
#......##..


You could see a tentacled starspawn, 2 ynoxinuls, 2 starspawn tentacles and 11
ufetubi.

Vanquished Creatures
  Sigmund (D:4)
  2 ogres
  2 phantoms
  2 centaurs
  3 bullfrogs (D:6)
  Blork the orc (D:4)
  5 wights (D:5)
  2 crimson imps (D:5)
  2 hounds (D:6)
  An orc priest (D:3)
  A jelly (D:6)
  3 orc wizards
  2 iguanas
  Ijyb (D:3)
  Jessica (D:2)
  4 worker ants
  A hound zombie (D:6)
  A howler monkey zombie (D:6)
  Robin (D:4)
  A gnoll (D:1)
  A worker ant zombie (D:5)
  A river rat (D:3)
  11 adders
  A howler monkey skeleton (D:5)
  A shadow imp (D:6)
  2 oozes (D:4)
  2 worms (D:5)
  3 dart slugs
  3 leopard geckos
  12 orcs
  3 ball pythons
  7 bats
  6 giant cockroaches
  17 goblins
  8 hobgoblins
  8 jackals
  7 kobolds
  A quokka (D:2)
  3 frilled lizards
  A jackal skeleton (D:6)
  A quokka skeleton (D:5)
  A quokka zombie (D:5)
  7 rats
144 creatures vanquished.

Notes
Turn   | Place    | Note
-------+----------+-------------------------------------------
     0 | D:1      | Irenicus the Octopode Chaos Knight began the quest for the Orb.
     0 | D:1      | Reached XP level 1. HP: 16/16 MP: 1/1
    86 | D:1      | XOM: divination: detect items
    87 | D:1      | Reached XP level 2. HP: 21/21 MP: 2/2
   148 | D:1      | XOM: harmless Fire miscast
   287 | D:1      | XOM: mild Summ miscast
   409 | D:1      | Reached skill level 4 in Unarmed Combat
   666 | D:1      | Reached XP level 3. HP: 26/26 MP: 3/3
  1144 | D:2      | Noticed Jessica
  1152 | D:2      | Killed Jessica
  1152 | D:2      | Reached skill level 1 in Stealth
  1152 | D:2      | Reached XP level 4. HP: 14/31 MP: 4/4
  1404 | D:2      | Reached skill level 5 in Unarmed Combat
  1693 | D:2      | Found a glowing silver altar of Zin.
  1693 | D:2      | Found a hide-covered altar of Uskayaw.
  2009 | D:3      | Noticed Ijyb
  2024 | D:3      | Killed Ijyb
  2024 | D:3      | Reached XP level 5. HP: 25/36 MP: 5/5
  2392 | D:3      | XOM: polymorph quokka -> river rat
  2486 | D:3      | XOM is BORED!
  2492 | D:3      | Found a white marble altar of Elyvilon.
  2494 | D:3      | Found a glowing golden altar of the Shining One.
  2614 | D:4      | XOM: stealth player
  2616 | D:4      | Noticed Sigmund
  2620 | D:4      | Reached skill level 6 in Unarmed Combat
  2814 | D:3      | Reached XP level 6. HP: 26/42 MP: 6/6
  2899 | D:3      | XOM: cloud trail
  2951 | D:4      | Found a hazy altar of Hepliaklqana.
  2961 | D:4      | XOM: butterfly on damage
  2967 | D:4      | HP: 3/63 [ogre/giant club (3)]
  2968 | D:4      | Reached skill level 7 in Unarmed Combat
  3215 | D:4      | Noticed Blork the orc
  3225 | D:4      | XOM: medium Hex miscast
  3310 | D:5      | Entered Level 5 of the Dungeon
  3415 | D:5      | XOM: noise
  3434 | D:5      | XOM: harmless Hex miscast
  3435 | D:5      | HP: 1/42 [centaur/shortbow (8)]
  3436 | D:5      | XOM: potion effect (berserk rage)
  3437 | D:5      | Reached XP level 7. HP: 31/46 MP: 7/7
  3520 | D:5      | Reached skill level 8 in Unarmed Combat
  3652 | D:5      | XOM: silly message
  3672 | D:5      | XOM: harmless Conj miscast
  3814 | D:4      | XOM: potion effect (curing)
  3929 | D:4      | Killed Sigmund
  3941 | D:4      | Noticed Robin
  3944 | D:4      | Reached skill level 9 in Unarmed Combat
  3971 | D:4      | Killed Robin
  4104 | D:4      | XOM: 2-stop teleportation journey
  4167 | D:4      | Reached XP level 8. HP: 20/52 MP: 8/8
  4331 | D:4      | Killed Blork the orc
  4552 | D:4      | XOM: silly message
  4555 | D:4      | XOM: divination: magic mapping
  4705 | D:5      | Reached skill level 10 in Unarmed Combat
  4718 | D:5      | Reached skill level 1 in Evocations
  4726 | D:5      | XOM: god gift: 2 scrolls labeled ERCHAQ WIGINI {god gift}
  5209 | D:6      | Found a staircase to the Ecumenical Temple.
  5516 | D:6      | XOM: harmless Conj miscast
  5592 | D:6      | Reached skill level 11 in Unarmed Combat
  5662 | D:6      | Found a sacrificial altar of Ru.
  5707 | D:6      | XOM: enchant monster (bad)
  5731 | D:6      | Reached XP level 9. HP: 27/56 MP: 9/9
  5803 | D:6      | Found Zoism's Jewellery Shoppe.
  6066 | D:6      | XOM: god gift: leatherbound book {god gift}
  6079 | D:6      | Found an iron altar of Okawaru.
  6110 | D:6      | XOM: medium Summ miscast
  6113 | D:6      | Cast into level 1 of the Abyss (spatial vortex)
  6115 | Abyss:1  | Found a corrupted altar of Lugonu.
  6230 | Abyss:1  | Noticed a tentacled starspawn
  6230 | Abyss:1  | Noticed a lich
  6231 | Abyss:1  | XOM: polymorph white imp -> ufetubus
  6235 | Abyss:1  | Gained mutation: You passively map a small area around you. [potion of mutation]
  6235 | Abyss:1  | Gained mutation: You are partially covered in large bone plates. (SH +4) [potion of mutation]
  6236 | Abyss:1  | HP: 1/56 [ynoxinul/iron shot (12)]
  6236 | Abyss:1  | Slain by an ufetubus

Skill      XL: |  1  2  3  4  5  6  7  8 |
---------------+-------------------------+-----
Unarmed Combat | 4 5 6 7 9 11 | 11.6
Stealth        | 1 |  1.1
Evocations     | 1 |  1.2
Fighting       | |  3.0
Dodging        | |  2.3

Action                   |  1- 3 |  4- 6 |  7- 9 || total
-------------------------+-------+-------+-------++-------
Melee: Unarmed           |    81 |   120 |   165 ||   366
       Constrict         |    22 |    25 |    39 ||    86
       Tentacles         |    12 |    20 |    34 ||    66
       Punch             |     1 |     6 |    12 ||    19
Evoke: Wand              |       |       |     5 ||     5
  Use: Potion            |       |    10 |     2 ||    12
       Scroll            |       |     2 |       ||     2
 Stab: Sleeping          |     1 |     6 |     5 ||    12
       Distracted        |       |       |     2 ||     2
  Eat: Chunk             |     1 |     6 |     9 ||    16
Armor: Skin              |    10 |     6 |     5 ||    21
Dodge: Dodged            |    61 |    61 |   105 ||   227
Block: Other             |       |       |     3 ||     3
